 Dungeon Crawl Stone Soup version 0.30-a0-141-g30f27751c5 (webtiles) character file.

Game seed: 475057422437618252

49 qw the Chopper (level 3, -3/23 HPs)
             Began as a Gargoyle Fighter on Sept 25, 2022.
             Killed by an exploding gnoll (26 damage)
             ... ignited by their inner flame
             ... on level 1 of the Dungeon.
             The game lasted 00:00:24 (843 turns).

qw the Chopper (Gargoyle Fighter)                    Turns: 843, Time: 00:00:24

Health: -3/23      AC: 16    Str: 21    XL:     3   Next: 77%
Magic:  3/3        EV:  7    Int:  8    God:
Gold:   52         SH:  4    Dex:  9    Spells: 2/2 levels left

rFire   . . .      SeeInvis +    Y - +0 war axe
rCold   . . .      Faith    .    c - +0 buckler
rNeg    + . .      Spirit   .    o - +0 chain mail
rPois   inf        Reflect  .    (no helmet)
rElec   +          Harm     .    g - +0 cloak
rCorr   .          Rampage  .    i - +2 pair of gloves
Will    .....                    (no boots)
Stlth   ..........               (no amulet)
HPRegen 0.07/turn                n - ring of see invisible
MPRegen 0.08/turn                (no ring)

@: no status effects
A: sickness immunity, AC +3, negative energy resistance 1, electricity
resistance, torment resistance 1, petrification resistance
a: no special abilities


You were on level 1 of the Dungeon.
You visited 1 branch of the dungeon, and saw 1 of its levels.

You collected 52 gold pieces.


Innate Abilities, Weirdness & Mutations

You are immune to sickness and miasma.
Your stone body is resilient. (AC +3)
You are immune to poison.
You resist negative energy. (rN+)
You are resistant to electric shocks. (rElec)
You are resistant to unholy torment.
You are immune to petrification.


   Skills:
 - Level 3.2 Fighting
 + Level 3.6 Axes
 - Level 3.2 Armour
 - Level 3.2 Shields


You had 2 spell levels left.
You didn't know any spells.
Your spell library was empty.

Inventory:

Hand Weapons
 k - a +0 whip
 Y - a +0 war axe (weapon)
Armour
 c - a +0 buckler (worn)
 g - a +0 cloak (worn)
 i - a +2 pair of gloves (worn)
 o - a +0 chain mail (worn)
Jewellery
 n - a ring of see invisible (left hand)
Scrolls
 a - a scroll of identify
Potions
 d - a potion of might
 f - a potion of magic {unknown}
 j - a potion of ambrosia {unknown}
 m - a potion of haste {unknown}

Dungeon Overview and Level Annotations

Branches:
Dungeon (1/15)

Altars:

Shops:
D:1 [([[


Message History

n - a ring of see invisible (left hand) Done exploring.
839 ||| READING 2 scrolls labelled DOJOUN LAKOIQ.
As you read the scroll labelled DOJOUN LAKOIQ, it crumbles to dust.
It is a scroll of identify.
Really abort (and waste the scroll)?
Done exploring.
840 ||| READING scroll labelled PAACUJEPRY.
The air fills with toxic fumes!
As you read the scroll labelled PAACUJEPRY, it crumbles to dust.
It was a scroll of poison.
Done exploring.
841 ||| READING scroll labelled HOYVIY DO XAC.
As you read the scroll labelled HOYVIY DO XAC, it crumbles to dust.
Wisps of shadow whirl around you...
It was a scroll of summoning.
Done exploring.
842 ||| READING scroll labelled KUNEL WAGISCH.
Blink to where?
Press: ? - help, Dir - move target, f - you Are you sure you want to cancel this blink?
As you read the scroll labelled KUNEL WAGISCH, it crumbles to dust.
It was a scroll of blinking.
Your gnoll is engulfed in poison gas.
Your gnoll is poisoned.
Your rat is engulfed in poison gas.
Your rat is poisoned.
You kill your rat!
Your rat's corpse dissolves into shadows!
Done exploring.
843 ||| READING scroll labelled YTAAQO CUSI.
As you read the scroll labelled YTAAQO CUSI, it crumbles to dust.
The creatures around you are filled with an inner flame!
It was a scroll of immolation.
Your gnoll is engulfed in poison gas.
Your gnoll looks even sicker.
Your gnoll's corpse dissolves into shadows!
Your gnoll explodes!
The fiery explosion engulfs you!!
Ouch! That really hurt!
You die...

#############.......
#...¤¤¤¤¤¤.##'#.....
#...¤¤¤¤¤...'\'.....
#...¤¤¤¤..###'#.....
####¤¤¤#### #..##.##
##¤¤..## ##.##...
#¤¤...)# ##.##...
##¤##...# #..##...
#¤@##...####.###...
#¤¤¤¤¤¤¤¤¤.........
#######¤¤¤##.###...
#......###...
###.#..........
#)...........#+
#.##...#.##.##.
#.####.######.( #.#
#.##.###(.


There were no monsters in sight!

Vanquished Creatures
  3 dart slugs (D:1)
  2 endoplasms (D:1)
  A giant cockroach (D:1)
  2 goblins (D:1)
  4 hobgoblins (D:1)
  10 jackals (D:1)
  3 kobolds (D:1)
  3 quokkas (D:1)
  A ball python (D:1)
  3 bats (D:1)
  A frilled lizard (D:1)
  3 rats (D:1)
36 creatures vanquished.

Notes
Turn   | Place    | Note
-------+----------+-------------------------------------------
     0 | D:1      | qw the Gargoyle Fighter began the quest for the Orb.
     0 | D:1      | Reached XP level 1. HP: 14/14 MP: 1/1
     0 | D:1      | 0 ||| qw: Version: 0.2-a-10-g399e6c4
     0 | D:1      | 0 ||| qw: Game counter: 335
     0 | D:1      | 0 ||| qw: Always use a shield: true
     0 | D:1      | 0 ||| qw: God list: Okawaru
     0 | D:1      | 0 ||| qw: Allow faded altars: false
     0 | D:1      | 0 ||| qw: Do Orc after D:15 true
     0 | D:1      | 0 ||| qw: Do second Lair branch before Depths: true
     0 | D:1      | 0 ||| qw: Lair rune preference: random
     0 | D:1      | 0 ||| qw: Plans: Normal, Zot:1-4, God:TSO, Crypt, Tomb,
                  | Pan, Slime:5, Hells, Abyss, Orb
     0 | D:1      | 0 ||| PLANNING D:1-11
    30 | D:1      | Found Nuakh's Armour Boutique.
    31 | D:1      | Found Jimorr's Antique Armour Shop.
    52 | D:1      | 52 ||| SHOPLISTING +0 chain mail (54 gold, have 10).
    52 | D:1      | 52 ||| SHOPLISTING +1 cloak of stealth (198 gold, have 10).
    52 | D:1      | 52 ||| SHOPLISTING +3 ring mail of fire resistance (312
                  | gold, have 10).
    64 | D:1      | 64 ||| SHOPLISTING pair of gloves (108 gold, have 10).
    64 | D:1      | 64 ||| SHOPLISTING shiny orb (288 gold, have 10).
    94 | D:1      | Reached XP level 2. HP: 16/19 MP: 2/2
   271 | D:1      | 271 ||| Stepping ~*~*~tactically~*~*~ (stealth).
   361 | D:1      | Reached skill level 3 in Axes
   389 | D:1      | Found Paefit's Antique Armour Emporium.
   407 | D:1      | 407 ||| SHOPLISTING chain mail (117 gold, have 32).
   407 | D:1      | 407 ||| SHOPLISTING glowing plate armour (676 gold, have
                  | 32).
   407 | D:1      | 407 ||| SHOPLISTING pair of gloves (117 gold, have 32).
   407 | D:1      | 407 ||| SHOPLISTING shiny plate armour (676 gold, have 32).
   407 | D:1      | 407 ||| SHOPLISTING tower shield (117 gold, have 32).
   467 | D:1      | Found Naptaira's Antique Weapon Boutique.
   470 | D:1      | 470 ||| SHOPLISTING mace (72 gold, have 32).
   470 | D:1      | 470 ||| SHOPLISTING morningstar (96 gold, have 32).
   479 | D:1      | Reached XP level 3. HP: 23/23 MP: 3/3
   529 | D:1      | 529 ||| DROPPING +0 club.
   668 | D:1      | Found a faded altar of an unknown god.
   732 | D:1      | 732 ||| Stepping ~*~*~tactically~*~*~ (stealth).
   817 | D:1      | 817 ||| UPGRADING to +0 cloak.
   822 | D:1      | 822 ||| UPGRADING to +2 pair of gloves.
   827 | D:1      | 827 ||| UPGRADING to +0 chain mail.
   837 | D:1      | 837 ||| DROPPING +0 scale mail.
   838 | D:1      | 838 ||| UPGRADING to ring of see invisible.
   839 | D:1      | 839 ||| READING 2 scrolls labelled DOJOUN LAKOIQ.
   840 | D:1      | 840 ||| READING scroll labelled PAACUJEPRY.
   841 | D:1      | 841 ||| READING scroll labelled HOYVIY DO XAC.
   842 | D:1      | 842 ||| READING scroll labelled KUNEL WAGISCH.
   843 | D:1      | 843 ||| READING scroll labelled YTAAQO CUSI.
   843 | D:1      | Killed by an exploding gnoll... ignited by their inner
                  | flame

Levels and vault maps discovered:
D:1:      minmay_arrival_shattered_statue, layout_rooms,
          chequers_ecumenical_altar_simple_redux, serial_shops,
          nicolae_shop_hallway_plus, nicolae_shop_behind_doors, shop,
          nicolae_shop_hallway_stairs, minmay_misc_feat_enclosed,
          minmay_quantized

Skill      XL: |  1  2 |
---------------+-------+-----
Axes           | 2 3 |  3.6
Fighting       | |  3.2
Armour         | |  3.2
Shields        | |  3.2

Action                   || total
-------------------------++-------
Melee: War axe           ||    74
  Use: Scroll            ||     5
Armor: Scale mail        ||    58
Dodge: Dodged            ||    37
Block: Buckler           ||    21

Table legend:
 A = Non-vault XP
 B = Vault XP
 C = Vault XP percentage of total XP
 D = Non-vault monster count
 E = Vault monster count
 F = Vault count percentage of total count
                 A         B        C        D         E       F
            +---------+---------+-------+---------+---------+-------
      Total |      66 |       5 |   7.0 |      33 |       3 |   8.3
            +---------+---------+-------+---------+---------+-------
        D:1 |      66 |       5 |   7.0 |      33 |       3 |   8.3
            +---------+---------+-------+---------+---------+-------
